 Dungeon Crawl Stone Soup version 0.29.1-1-gd02db6906a (webtiles) character file.

Game seed: 18348476391822644011

4720 quakins the Destroyer (level 10, -4/83 HPs)
             Began as a Black Draconian Conjurer on Oct 12, 2022.
             Was a Believer of Vehumet.
             Killed by divine providence
             ... invoked by a meliai
              (9 damage)
             ... on level 10 of the Dungeon.
             The game lasted 00:33:47 (12619 turns).

quakins the Destroyer (Black Draconian Conjurer)   Turns: 12619, Time: 00:33:48

Health: -4/83      AC: 10    Str:  9    XL:     10   Next: 22%
Magic:  6/22       EV: 12    Int: 23    God:    Vehumet [**....]
Gold:   203        SH:  0    Dex: 16    Spells: 19/25 levels left

rFire   . . .      SeeInvis .   c - +2 short sword (venom)
rCold   + . .      Faith    .   (no shield)
rNeg    . . .      Spirit   .   (body armour unavailable)
rPois   .          Reflect  .   (helmet restricted)
rElec   +          Harm     .   z - +0 cloak
rCorr   .          Rampage  .   G - +0 pair of gloves
Will    .....                   w - +0 pair of boots
Stlth   ++........              (no amulet)
HPRegen 0.23/turn               k - +6 ring of dexterity
MPRegen 0.18/turn               I - ring of protection from cold

@: hasted, very quick
A: breathe lightning, AC +7, unfitting armour, electricity resistance,
cold-blooded
a: Breathe Lightning, Renounce Religion


You were on level 10 of the Dungeon.
You worshipped Vehumet.
Vehumet was pleased with you.
You visited 2 branches of the dungeon, and saw 11 of its levels.

You collected 401 gold pieces.
You spent 198 gold pieces at shops.

Inventory:

Hand Weapons
 c - a +2 short sword of venom (weapon)
Missiles
 b - 3 atropa-tipped darts
 F - a throwing net
Armour
 w - a +0 pair of boots (worn)
 z - a +0 cloak (worn)
 A - a +0 tower shield
 G - a +0 pair of gloves (worn)
Jewellery
 k - a +6 ring of dexterity (left hand)
 I - a ring of protection from cold (right hand)
Wands
 y - a wand of flame (17)
Scrolls
 d - a scroll of silence {unknown}
 g - 3 scrolls of vulnerability
 i - a scroll of enchant weapon
 p - a scroll of poison {unknown}
 q - 4 scrolls of immolation
 r - 7 scrolls of teleportation
 s - a scroll of torment {unknown}
 u - a scroll of enchant armour {unknown}
 v - a scroll of acquirement {unknown}
 B - a scroll of magic mapping {unknown}
 D - 3 scrolls of identify
 E - a scroll of amnesia
Potions
 a - a potion of magic
 e - 4 potions of ambrosia
 f - a potion of attraction {unknown}
 h - 2 potions of curing
 j - 2 potions of flight
 l - 2 potions of might
 m - a potion of invisibility {unknown}
 n - a potion of mutation {unknown}
 o - 3 potions of brilliance
 t - a potion of cancellation {unknown}
 x - 2 potions of berserk rage {unknown}
 H - a potion of haste


   Skills:
 + Level 5.7 Fighting
 - Level 1.7 Dodging
 - Level 1.7 Stealth
 - Level 8.0 Spellcasting
 - Level 9.0 Conjurations
 - Level 8.0 Translocations


You had 19 spell levels left.
You knew the following spells:

 Your Spells              Type           Power      Damage    Failure   Level
a - Magic Dart            Conj           100%       1d8       1%          1
b - Searing Ray           Conj           100%       2d8       1%          2
c - Stone Arrow           Conj/Erth      58%        3d10      3%          3

Your spell library contained the following spells:

 Spells                   Type           Power      Damage    Failure   Level
 Scorch                   Fire           18%        2d6       11%         2
 Iskenderun's Mystic Bla  Conj/Tloc      48%        2d11      1%          4
 Dazzling Flash           Conj/Hex       58%        N/A       3%          3
 Sandblast                Erth           18%        2d7       7%          1
 Summon Small Mammal      Summ           36%        N/A       7%          1
 Passwall                 Tmut/Erth      7%         N/A       11%         2
 Fulminant Prism          Conj/Hex       14%        3d9       11%         4
 Call Canine Familiar     Summ           9%         N/A       21%         3
 Frozen Ramparts          Ice            18%        1d3       21%         3
 Ozocubu's Armour         Ice            9%         N/A       21%         3
 Summon Guardian Golem    Hex/Summ       9%         N/A       21%         3
 Summon Forest            Summ/Tloc      13%        N/A       36%         5
 Ice Form                 Ice/Tmut       9%         N/A       56%         4
 Summon Ice Beast         Ice/Summ       9%         N/A       56%         4
 Conjure Ball Lightning   Conj/Air       14%        3x3d6     86%         6
 Starburst                Conj/Fire      14%        6d6       86%         6
 Metabolic Englaciation   Hex/Ice        4%         N/A       88%         5
 Summon Mana Viper        Hex/Summ       9%         N/A       88%         5
 Simulacrum               Ice/Necr       4%         N/A       100%        6
 Summon Cactus Giant      Summ           4%         N/A       100%        6
 Discord                  Hex            4%         N/A       100%        8
 Disjunction              Tloc           23%        N/A       100%        8


Dungeon Overview and Level Annotations

Branches:
Dungeon (10/15)            Temple (1/1) D:4
   Lair: D:8-11         Orc: D:9-12

Altars:
Ashenzari
Cheibriados
Dithmenos
Elyvilon
Fedhas
Gozag
Hepliaklqana
Kikubaaqudgha
Makhleb
Nemelex Xobeh
Okawaru
Qazlal
Ru
Trog
Uskayaw
Vehumet
Wu Jian
Xom
Yredelemnul
Zin
The Shining One

Shops:
D:6 ?

Annotations:
D:8 exclusions: howler monkey and two-headed ogre


Innate Abilities, Weirdness & Mutations

You can breathe wild blasts of lightning.
Your glossy black scales are hard. (AC +7)
You cannot fit into any form of body armour.
You are resistant to electric shocks. (rElec)
You are cold-blooded and may be slowed by cold attacks.


Message History

The meliai buzzes angrily.
You hear an angry buzzing noise. x2
A meliai comes into view. It is wielding a +0 hand axe.
Something completely misses you.
A meliai comes into view. It is wielding a +0 hand axe.
Something hits you but does no damage. The meliai attacks as you move away!
The meliai hits you but does no damage. The meliai stings you.
The meliai invokes the aid of its god against you.
Something smites you!
You are confused.
The meliai hits you with a +0 war axe! The meliai barely misses you.
You are too confused!
The meliai calls down the wrath of its god upon you.
Something smites you!
The meliai invokes the aid of its god against you.
Something smites you!
* * * LOW HITPOINT WARNING * * *
The meliai calls down the wrath of its god upon you.
Something smites you!
* * * LOW HITPOINT WARNING * * *
You feel better. The meliai hits you with a +0 war axe.
* * * LOW HITPOINT WARNING * * *
The meliai stings you but does no damage.
The meliai misses you. The meliai stings you!
* * * LOW HITPOINT WARNING * * *
Blink to where?
Press: ? - help, Dir - move target
As you read the scroll labelled VURIGRU MIFF, it crumbles to dust.
It was a scroll of blinking.
As you read the scroll of fog, it crumbles to dust.
The scroll dissolves into smoke.
It was a potion of haste.
You feel yourself speed up. The meliai closely misses you.
The meliai completely misses you. The meliai hits you with a +0 war axe.
* * * LOW HITPOINT WARNING * * *
The meliai misses you.
The meliai calls down the wrath of its god upon you.
Something smites you!
You die...

########################
........§§§§§§§§.........
.........§§y####§........y
.)^.......§§§# ###........
..........@..# ##.y§....
............## ##......
...........## ##.....
...........# #.....
...........# #.....
...........# #.....
...........# #.....
........#### #.....
##......# #.....


You could see a meliai.

Vanquished Creatures
  A two-headed ogre (D:8)
  An ugly thing (D:9)
  A troll (D:7)
  A wraith (D:9)
  A steam dragon (D:7)
  A water moccasin (D:6)
  3 orc warriors
  A sky beast (D:7)
  An ice beast (D:7)
  3 centaurs (D:9)
  A kobold brigand (D:9)
  3 necrophages
  4 bullfrogs
  A gnoll sergeant (D:9)
  A scorpion (D:5)
  6 killer bees (D:8)
  4 howler monkeys
  4 crimson imps (D:6)
  A hound (D:5)
  2 jellies (D:5)
  7 orc priests
  A gnoll bouda (D:7)
  7 iguanas
  16 orc wizards
  12 gnolls
  9 adders
  A shadow imp (D:6)
  2 ufetubi
  A worm (D:4)
  3 dart slugs
  33 orcs
  3 bats (D:1)
  9 endoplasms
  3 giant cockroaches
  6 goblins
  6 hobgoblins
  8 jackals
  3 quokkas
  9 ball pythons
  9 kobolds
  7 rats
196 creatures vanquished.

Vanquished Creatures (others)
  5 fungi (D:8)
  A plant (D:9)
6 creatures vanquished.

Grand Total: 202 creatures vanquished

Notes
Turn   | Place    | Note
-------+----------+-------------------------------------------
     0 | D:1      | quakins the Draconian Conjurer began the quest for the Orb.
     0 | D:1      | Reached XP level 1. HP: 14/14 MP: 3/3
   211 | D:1      | Reached XP level 2. HP: 9/20 MP: 2/5
  1218 | D:1      | Reached XP level 3. HP: 26/26 MP: 5/7
  1576 | D:2      | Found a faded altar of an unknown god.
  1635 | D:2      | Found a hide-covered altar of Uskayaw.
  2049 | D:2      | Reached XP level 4. HP: 33/33 MP: 7/10
  2530 | D:3      | Learned a level 2 spell: Searing Ray
  2987 | D:3      | Reached XP level 5. HP: 14/38 MP: 1/12
  3399 | D:4      | Reached skill level 5 in Spellcasting
  3806 | D:4      | Found a staircase to the Ecumenical Temple.
  3823 | Temple   | Entered the Ecumenical Temple
  4087 | Temple   | Became a worshipper of Vehumet
  4218 | D:4      | Reached skill level 5 in Conjurations
  4363 | D:4      | Reached XP level 6. HP: 44/45 MP: 1/13
  4724 | D:5      | Entered Level 5 of the Dungeon
  4729 | D:5      | Reached skill level 6 in Conjurations
  5252 | D:5      | Your scales start taking on a glossy black colour.
  5252 | D:5      | Reached XP level 7. HP: 50/50 MP: 11/14
  5252 | D:5      | Gained mutation: You are resistant to electric shocks.
                  | (rElec) [Black Draconian growth]
  5265 | D:5      | Reached * piety under Vehumet
  5265 | D:5      | Offered knowledge of Freeze by Vehumet.
  5325 | D:5      | Learned a level 3 spell: Stone Arrow
  5373 | D:5      | Reached skill level 7 in Conjurations
  6264 | D:6      | Reached skill level 8 in Conjurations
  6747 | D:6      | Reached XP level 8. HP: 42/57 MP: 1/15
  7240 | D:6      | Found Wiygyri's Magic Scroll Emporium.
  7252 | D:6      | Reached skill level 9 in Conjurations
  7306 | D:6      | Bought a scroll of fog for 44 gold pieces
  7306 | D:6      | Bought a scroll of identify for 22 gold pieces
  7306 | D:6      | Bought a scroll of identify for 22 gold pieces
  7306 | D:6      | Bought a scroll of identify for 22 gold pieces
  7306 | D:6      | Bought a scroll of identify for 22 gold pieces
  7306 | D:6      | Bought a scroll of teleportation for 33 gold pieces
  7306 | D:6      | Bought a scroll of teleportation for 33 gold pieces
  7375 | D:6      | Found a shimmering altar of Xom.
  7377 | D:6      | Reached skill level 1 in Translocations
  8000 | D:6      | Reached skill level 5 in Translocations
  8736 | D:7      | Found a glowing golden altar of the Shining One.
  8827 | D:7      | Noticed a troll
  8891 | D:7      | Reached XP level 9. HP: 56/62 MP: 3/16
  9332 | D:8      | Found an opulent altar of Gozag.
  9339 | D:8      | Offered knowledge of Scorch by Vehumet.
  9377 | D:8      | Found a hazy altar of Hepliaklqana.
  9417 | D:8      | Reached ** piety under Vehumet
  9460 | D:8      | Found a snail-covered altar of Cheibriados.
  9698 | D:8      | Found a glowing silver altar of Zin.
 10427 | D:8      | Noticed a two-headed ogre
 10951 | D:9      | Noticed a cyan ugly thing
 10960 | D:9      | Killed a cyan ugly thing
 11356 | D:9      | Reached skill level 1 in Fighting
 11728 | D:8      | HP: 3/69 [two-headed ogre/+0 dire flail (17)]
 11766 | D:8      | Killed a two-headed ogre
 11767 | D:8      | Reached skill level 5 in Fighting
 11767 | D:8      | Reached XP level 10. HP: 13/81 MP: 14/22
 12557 | D:10     | Entered Level 10 of the Dungeon
 12619 | D:10     | Killed from afar by a meliai

Illustrated notes

Levels and vault maps discovered:
D:1:      nicolae_arrival_washed_ashore, layout_basic
D:2:      cheibrodos_old_hovel, layout_loops_corners, basic_altar,
          ebering_ecumenical_altar_ruins, minmay_pentomino_p2
D:3:      layout_basic
D:4:      layout_rooms, minmay_temple_entry_overgrown, minmay_bent
D:5:      layout_loops_corners, corexii_corridor_pit
D:6:      layout_rooms, led_xom_imps, serial_shops,
          nicolae_shop_advertising_works [nicolae_subvault_shop_adworks],
          kennysheep_path_1, dk_noncrumbling_3
D:7:      layout_rooms, mainiacjoe_overflow_surrounded_room, hex_tiny
D:8:      layout_loops_cross, mainiacjoe_overflow_tiny_flanked,
          mainiacjoe_overflow_catch_the_wave,
          mainiacjoe_overflow_small_starburst
D:9:      layout_roguey, serial_bayou_pond_e, serial_bayou_pond_e,
          minmay_misc_feat_alley
D:10:     layout_long_grid, nicolae_sif_muna_condensation, nrook_uturn
Temple:   eino_wide_crystal_templ

Skill      XL: |  1  2  3  4  5  6  7  8  9 |
---------------+----------------------------+-----
Spellcasting   | 3 4 5 8 |  8.0
Conjurations   | 5 6 8 9 |  9.0
Translocations | 6 8 |  8.0
Fighting       | 5 |  5.7
Dodging        | |  1.7
Stealth        | |  1.7

Action                   |  1- 3 |  4- 6 |  7- 9 | 10-12 || total
-------------------------+-------+-------+-------+-------++-------
Melee: Short sword       |    31 |    29 |    86 |       ||   146
       Tailslap          |     2 |     7 |    10 |       ||    19
 Cast: Magic Dart        |    72 |   123 |    30 |       ||   225
       Searing Ray       |       |    23 |    92 |     5 ||   120
       Stone Arrow       |       |       |    21 |     5 ||    26
  Use: Scroll            |     2 |       |    11 |     2 ||    15
       Potion            |       |       |       |     2 ||     2
Armor: Skin              |    19 |    20 |   104 |     7 ||   150
Dodge: Dodged            |    41 |    26 |   134 |    21 ||   222
